 Dungeon Crawl Stone Soup version 0.25-a0-1133-g93ebf739aa (webtiles) character file.

Game seed: 7049713274984557198, levelgen mode: deterministic

8656 Srgtawesome the Cleaver (level 11, -5/96 (97) HPs)
             Began as a Minotaur Berserker on May 22, 2020.
             Was a High Priest of Trog.
             Slain by an ogre
             ... wielding a +0 giant club
              (28 damage)
             ... on level 1 of the Orcish Mines.
             The game lasted 01:18:48 (12326 turns).

Srgtawesome the Cleaver (Minotaur Berserker)       Turns: 12326, Time: 01:18:49

HP:   -5/96 (97)    AC: 14    Str: 23    XL:     11   Next: 12%
MP:   3/10          EV: 13    Int:  5    God:    Trog [*****.]
Gold: 321           SH:  0    Dex: 11    Spells: 10/10 levels left

rFire    . . .     SeeInvis .   a - +5 battleaxe (freeze)
rCold    + . .     Gourm    .   (shield currently unavailable)
rNeg     . . .     Faith    .   s - +3 scale mail {rPois}
rPois    +         Spirit   .   (helmet restricted)
rElec    .         Reflect  .   o - +0 cloak
rCorr    .         Harm     .   (no gloves)
MR       .....                  k - +0 pair of boots
Stlth    +.........             d - amulet of the acrobat
HPRegen  0.26/turn              g - ring of stealth
MPRegen  0.12/turn              A - ring of protection from cold

@: no status effects
A: retaliatory headbutt, horns 2
a: Berserk, Trog's Hand, Brothers in Arms, Renounce Religion


You were on level 1 of the Orcish Mines.
You worshipped Trog.
Trog was extremely pleased with you.
You were not hungry.

You visited 3 branches of the dungeon, and saw 12 of its levels.

You collected 456 gold pieces.
You spent 135 gold pieces at shops.

Inventory:

Hand Weapons
 a - a +5 battleaxe of freezing (weapon)
 j - a +0 dagger
 m - a +1 spear
 n - a +0 arbalest
 w - a +7 club
 y - a +0 great sword
 B - a +0 falchion
 C - a +0 war axe
 S - a +6 antimagic demon trident
Missiles
 i - 33 poisoned darts
 p - 64 arrows (quivered)
Armour
 b - a +0 animal skin
 k - a +0 pair of boots (worn)
 o - a +0 cloak (worn)
 s - a +3 scale mail of poison resistance (worn)
 x - a +0 kite shield
 G - a +0 ring mail
 M - the +3 leather armour of Xamer {rElec Int+3 Dex+3, unknown}
   (You found it on level 5 of the Dungeon)

   It affects your intelligence (+3).
   It affects your dexterity (+3).
   It insulates you from electricity.
Jewellery
 d - an amulet of the acrobat (around neck)
 g - a ring of stealth (left hand)
 u - an uncursed ring of magical power
 A - a ring of protection from cold (right hand)
 H - an uncursed ring of wizardry
Wands
 t - a wand of flame (25)
 E - a wand of acid (9)
 I - a wand of iceblast (19)
 K - a wand of paralysis (12)
 L - a wand of disintegration (13)
 O - a wand of digging (5)
Scrolls
 f - 2 scrolls of teleportation
 r - a scroll of blinking
 D - 4 scrolls of identify
 J - 4 scrolls of remove curse
 N - a scroll of enchant armour
 Q - a scroll of enchant weapon
Potions
 e - 6 potions of curing
 h - 2 potions of flight
 l - 2 potions of haste
 q - 6 potions of stabbing
 v - 4 potions of brilliance {unknown}
 z - 3 potions of degeneration {unknown}
 F - 2 potions of lignification {unknown}
 P - 2 potions of cancellation {unknown}
Comestibles
 c - 3 rations
 R - 12 chunks of flesh


   Skills:
 + Level 9.3 Fighting
 + Level 12.9(13.4) Axes
 + Level 2.9(9.1) Maces & Flails
 + Level 5.3(10.0) Polearms
 + Level 10.5 Armour
 + Level 5.9 Dodging
 + Level 2.0 Stealth


You had 10 spell levels left.
You didn't know any spells.
Your spell library contained the following spells:

 Spells                   Type           Power        Failure   Level  Hunger
 Confusing Touch          Hex            #.......     98%         3    ####...
 Gell's Gravitas          Tloc           #.........   98%         3    ####...
 Petrify                  Tmut/Erth      #.......     100%        4    #####..
 Metabolic Englaciation   Hex/Ice        #.........   100%        5    ######.
 Yara's Violent Unravell  Hex/Tmut       #.........   100%        5    ######.


Dungeon Overview and Level Annotations

Branches:
Dungeon (10/15)            Temple (1/1) D:5             Orc (1/2) D:10
   Lair: D:8-11

Altars:
Ashenzari
Cheibriados
Dithmenos
Elyvilon
Fedhas
Gozag
Hepliaklqana
Kikubaaqudgha
Makhleb
Nemelex Xobeh
Okawaru
Qazlal
Ru
Sif Muna
Trog
Uskayaw
Vehumet
Wu Jian
Xom
Yredelemnul
Zin
The Shining One
Beogh

Shops:
D:5 %   D:9 !   Orc:1 *


Innate Abilities, Weirdness & Mutations

You reflexively headbutt those who attack you in melee.
You have a pair of horns on your head.


Message History

You hit the ogre.
You headbutt the ogre, but do no damage.
The ogre is lightly wounded.
The ogre closely misses you.
You barely miss the ogre.
The ogre is lightly wounded.
The ogre hits you with a +0 giant club!
You hit the ogre.
The ogre is moderately wounded.
You impale the ogre!! Your headbutt misses the ogre.
The ogre is almost dead.
The ogre hits you with a +0 giant club!!
* * * LOW HITPOINT WARNING * * *
You barely miss the ogre.
The ogre is almost dead.
You feel magic returning to you.
Your +5 battleaxe of freezing glows with a cold blue light!
a - a +5 battleaxe of freezing (weapon)
The ogre hits you with a +0 giant club!!
You die...

................
.......$...)......#.
$^...#..............
............<>......
....................
.#.................#
#................$..
.......O_...........
.......@....)....#..
.#.........)).......
####.#...)))......#
##.........$....
#...............
##..#...........
#.......#..##.#
#..#......## #
...###.....


You could see an ogre.

Vanquished Creatures
  Erolcha (D:9)
  A two-headed ogre (Orc:1)
  A troll (D:9)
  Grinder (D:3)
  2 hippogriffs
  A wyvern (D:8)
  11 yaks (D:10)
  A hungry ghost (D:8)
  2 water moccasins
  2 orc warriors
  An ice beast (D:9)
  5 sky beasts
  3 phantoms
  A necrophage (D:10)
  4 ogres
  2 black bears (D:6)
  3 bullfrogs
  4 scorpions
  3 killer bees (D:10)
  16 wights
  5 howler monkeys
  An electric eel (D:6)
  A bullfrog zombie (D:6)
  3 crimson imps
  6 hounds
  3 orc priests (D:4)
  A gnoll shaman (D:9)
  2 jellies
  9 orc wizards
  Jessica (D:2)
  2 centaur skeletons
  9 iguanas
  4 worker ants
  Terence (D:2)
  A howler monkey zombie (D:6)
  A howler monkey skeleton (D:9)
  8 adders
  9 gnolls
  A shadow imp (D:6)
  2 adder skeletons
  A worm (D:2)
  2 dart slugs (D:2)
  4 leopard geckos
  37 orcs
  3 ball pythons
  7 bats
  3 giant cockroaches
  11 goblins
  8 hobgoblins
  2 jackals (D:2)
  5 quokkas
  9 frilled lizards
  6 kobolds
  A quokka skeleton (D:7)
  5 rats
  2 bushes (D:1)
  A plant (D:1)
242 creatures vanquished.

Notes
Turn   | Place    | Note
-------+----------+-------------------------------------------
     0 | D:1      | Srgtawesome the Minotaur Berserker began the quest for the
                  | Orb.
     0 | D:1      | Reached XP level 1. HP: 19/19 MP: 0/0
   569 | D:1      | Reached XP level 2. HP: 25/27 MP: 1/1
  1457 | D:2      | Noticed Terence
  1472 | D:2      | Killed Terence
  1472 | D:2      | Reached XP level 3. HP: 17/34 MP: 2/2
  1884 | D:2      | Reached ** piety under Trog
  2163 | D:2      | Found a faded altar of an unknown god.
  2168 | D:2      | Reached XP level 4. HP: 38/41 MP: 3/3
  2417 | D:2      | Noticed Jessica
  2424 | D:2      | Killed Jessica
  2531 | D:2      | Reached skill level 5 in Fighting
  3416 | D:3      | Reached XP level 5. HP: 44/48 MP: 4/4
  3497 | D:3      | Noticed Grinder
  3507 | D:3      | Paralysed by Grinder for 5 turns
  3519 | D:3      | Paralysed by Grinder for 6 turns
  3527 | D:3      | Paralysed by Grinder for 6 turns
  3534 | D:3      | Killed Grinder
  3534 | D:3      | Reached skill level 1 in Axes
  3534 | D:3      | Reached skill level 5 in Polearms
  3534 | D:3      | Reached XP level 6. HP: 10/56 MP: 5/5
  3841 | D:3      | Found a hide-covered altar of Uskayaw.
  4492 | D:4      | Reached *** piety under Trog
  4521 | D:4      | Reached skill level 2 in Axes
  4608 | D:4      | Found a shimmering altar of Xom.
  4634 | D:4      | Reached XP level 7. HP: 28/61 MP: 6/6
  4989 | D:4      | Reached skill level 3 in Axes
  5172 | D:4      | Reached skill level 4 in Axes
  5572 | D:4      | Reached skill level 5 in Armour
  5671 | D:5      | Entered Level 5 of the Dungeon
  5735 | D:5      | Reached skill level 1 in Stealth
  5778 | D:5      | Reached skill level 5 in Axes
  5796 | D:5      | Found an ornate altar of the Wu Jian Council.
  5865 | D:5      | Found Xefieh's Food Shop.
  5894 | D:5      | Reached XP level 8. HP: 61/70 MP: 7/7
  6036 | D:5      | Found a staircase to the Ecumenical Temple.
  6080 | Temple   | Entered the Ecumenical Temple
  6929 | D:5      | Got an ancient leather armour
  7019 | D:6      | Found a radiant altar of Vehumet.
  7029 | D:6      | Reached skill level 6 in Axes
  7195 | D:6      | Found a bloodstained altar of Trog.
  7203 | D:6      | Reached skill level 7 in Axes
  7250 | D:6      | Found an opulent altar of Gozag.
  7616 | D:6      | Found an iron altar of Okawaru.
  8180 | D:6      | Found a sparkling altar of Nemelex Xobeh.
  8334 | D:6      | Reached **** piety under Trog
  8419 | D:6      | Found a glowing silver altar of Zin.
  8533 | D:6      | Found a basalt altar of Yredelemnul.
  8657 | D:7      | Reached skill level 8 in Axes
  8701 | D:7      | Reached XP level 9. HP: 53/79 MP: 8/8
  9106 | D:7      | Found an iron altar of Okawaru.
  9566 | D:8      | Reached skill level 9 in Axes
  9654 | D:8      | Reached skill level 5 in Dodging
  9670 | D:8      | Found a hazy altar of Hepliaklqana.
  9854 | D:8      | Found a shattered altar of Ashenzari.
 10256 | D:8      | Reached skill level 10 in Axes
 10421 | D:9      | Noticed Erolcha
 10427 | D:9      | Killed Erolcha
 10427 | D:9      | Reached XP level 10. HP: 77/88 MP: 9/9
 11045 | D:9      | Reached skill level 11 in Axes
 11177 | D:9      | Reached ***** piety under Trog
 11188 | D:9      | Found Xoasch's Distillery.
 11191 | D:9      | Bought 2 potions of curing for 90 gold pieces
 11191 | D:9      | Bought a potion of curing for 45 gold pieces
 11249 | D:9      | Found a shimmering blue altar of Sif Muna.
 11463 | D:9      | Reached skill level 10 in Armour
 11660 | D:10     | Entered Level 10 of the Dungeon
 11819 | D:10     | Reached skill level 12 in Axes
 12139 | D:10     | Reached XP level 11. HP: 87/96 MP: 10/10
 12193 | D:10     | Found a staircase to the Orcish Mines.
 12245 | Orc:1    | Entered Level 1 of the Orcish Mines
 12245 | Orc:1    | Found a roughly hewn altar of Beogh.
 12245 | Orc:1    | Found Buerphigh's Assorted Antiques.
 12256 | Orc:1    | Received a gift from Trog
 12257 | Orc:1    | Noticed a two-headed ogre
 12270 | Orc:1    | Killed a two-headed ogre
 12326 | Orc:1    | Slain by an ogre

Illustrated notes

Levels and vault maps discovered:
D:1:      sevenhm_arrival_forest_fort_small_3, layout_loops_ring
D:2:      minmay_alternating_diamond, layout_loops_corners,
          chequers_ecumenical_altar_island, uniq_jessica, uniq_terence
D:3:      layout_rooms, lemuel_round_altar, first_ration, uniq_grinder
D:4:      layout_gridville, overflow_temple_1_default, enter_ossuary_5
D:5:      layout_cave_pods, lemuel_round_altar, minmay_temple_entry_glass,
          serial_shops, shop
D:6:      layout_gridville, trog_ov_bears_minmay, nicolae_gozag_seed_capital,
          vehumet_crystals, old_standard_altar, lemuel_round_altar,
          nicolae_overflow_hidden_temple, lemuel_round_altar,
          kennysheep_crisscross, roderic_serpentine_path
D:7:      layout_cave_pools, serial_column_ruins, column_ruins_grid_1,
          column_ruins_open_small, column_ruins_grid_3,
          column_ruins_open_medium, column_ruins_grid_4, lemuel_tele_altar
D:8:      layout_loops_ring, marbit_many_paths, overflow_temple_1_default
D:9:      layout_irregular_city, lemuel_round_altar, serial_shops,
          nicolae_shop_behind_doors, uniq_erolcha
D:10:     layout_basic, orc_0_dummy
Temple:   chequers_temple_sunken
Orc:1:    layout_caves, serial_shops, shop, basic_altar, sword_in_stone,
          uniq_nergalle

Skill      XL: |  1  2  3  4  5  6  7  8  9 10 11 |
---------------+----------------------------------+-----
Fighting       | 4 5 6 7 9 |  9.3
Polearms       | 4 5 |  5.3
Armour         | 3 4 5 7 9 10 | 10.5
Dodging        | 3 4 5 |  5.9
Axes           | 1 2 5 8 10 12 | 12.9
Maces & Flails | 2 |  2.9
Stealth        | 1 2 |  2.0

Action                   |  1- 3 |  4- 6 |  7- 9 | 10-12 || total
-------------------------+-------+-------+-------+-------++-------
Melee: Spear             |   251 |    14 |     8 |       ||   273
       Headbutt          |    90 |    10 |    53 |    23 ||   176
       Hand axe          |    14 |       |       |       ||    14
       Club              |       |    29 |     8 |       ||    37
       War axe           |       |    60 |   132 |       ||   192
       Battleaxe         |       |       |   110 |   122 ||   232
       Demon trident     |       |       |       |    19 ||    19
Invok: Berserk           |       |       |     1 |       ||     1
  Use: Scroll            |     1 |     2 |     7 |     1 ||    11
       Potion            |       |       |     4 |     1 ||     5
  Eat: Ration            |     1 |     2 |     6 |     1 ||    10
       Chunk             |     1 |     1 |     3 |     1 ||     6
Armor: Animal skin       |     8 |       |       |       ||     8
       Leather armour    |     3 |       |       |       ||     3
       Scale mail        |     7 |    56 |   102 |    59 ||   224
Dodge: Dodged            |    46 |    92 |   182 |   120 ||   440

Table legend:
 A = Non-vault XP
 B = Vault XP
 C = Vault XP percentage of total XP
 D = Non-vault monster count
 E = Vault monster count
 F = Vault count percentage of total count
                 A         B        C        D         E       F
            +---------+---------+-------+---------+---------+-------
      Total |   10600 |    1766 |  14.3 |     231 |       8 |   3.3
            +---------+---------+-------+---------+---------+-------
        D:1 |      29 |       0 |   0.0 |      19 |       0 |   0.0
        D:2 |      74 |      70 |  48.6 |      25 |       3 |  10.7
        D:3 |      57 |     281 |  83.1 |      16 |       1 |   5.9
        D:4 |     561 |       0 |   0.0 |      37 |       0 |   0.0
        D:5 |     434 |       0 |   0.0 |       5 |       0 |   0.0
        D:6 |     775 |     250 |  24.4 |      20 |       2 |   9.1
        D:7 |     722 |       0 |   0.0 |      18 |       0 |   0.0
        D:8 |    1512 |     183 |  10.8 |      23 |       1 |   4.2
        D:9 |    1760 |     982 |  35.8 |      30 |       1 |   3.2
       D:10 |    3510 |       0 |   0.0 |      30 |       0 |   0.0
      Orc:1 |    1166 |       0 |   0.0 |       8 |       0 |   0.0
            +---------+---------+-------+---------+---------+-------
